| TOP OF THE 1ST |
|
New York Yankees batting - Pitching for Houston Astros : LHP Brian Thomas
|
|
Pitching: LHP Brian Thomas
|
|
|
Batting: LHB Jordan de Jesus
|
0-0: Ball 1-0: Ball 2-0: Ground out U3 (Groundball, 3, EV 106.2 MPH)
|
|
Batting: RHB C.J. Richerson
|
0-0: Ball 1-0: Ball 2-0: Called Strike 2-1: Ball 3-1: Swinging Strike 3-2: Foul Ball, location: 2F 3-2: Base on Balls
|
|
Batting: SHB Bartholomeu Chambino
|
0-0: Called Strike C.J. Richerson steals 2nd base 0-1: Called Strike 0-2: Ground out 5-3 (Groundball, 56, EV 86.9 MPH)
|
|
Batting: LHB Evan Torraville
|
0-0: Called Strike 0-1: Foul Ball, location: 2F 0-2: Foul Ball, location: 2F 0-2: Strikes out swinging
|
| Top of the 1st over - 0 runs, 0 hits, 0 errors, 1 left on base; New York 0 - Houston 0 |
| BOTTOM OF THE 1ST |
|
Houston Astros batting - Pitching for New York Yankees : LHP Arturo Eli
|
|
Pitching: LHP Arturo Eli
|
|
|
Batting: RHB Chang-wei Jiang
|
0-0: Called Strike 0-1: Ball 1-1: Ball 2-1: Foul Ball, location: 2F 2-2: Foul Ball, location: 2F 2-2: Foul Ball, location: 2F 2-2: SINGLE (Groundball, 6MD, EV 103.1 MPH)
|
|
Batting: RHB Josh Froyd
|
0-0: Ball 1-0: Ball 2-0: Called Strike 2-1: Fly out, F8 (Flyball, 8LD, EV 82.5 MPH)
|
|
Batting: RHB Chris Lane
|
0-0: Called Strike Chang-wei Jiang steals 2nd, throwing error, E2 Chang-wei Jiang to third 0-1: Called Strike 0-2: Ball 1-2: Foul Ball, location: 2F 1-2: Ball 2-2: Foul Ball, location: 2F 2-2: Foul Ball, location: 2F 2-2: Ball 3-2: Base on Balls
|
|
Batting: LHB Shigeru Ono
|
0-0: Called Strike 0-1: Ball 1-1: Swinging Strike 1-2: Foul Ball, location: 2F 1-2: Fly out, F9 (Flyball, 9D, EV 87.5 MPH) Runner from 3rd tags up, SCORES, no throw by RF
|
|
Batting: RHB Jeremy Trump
|
0-0: Called Strike 0-1: Fly out, F9 (Flyball, 89M, EV 91.2 MPH)
|
| Bottom of the 1st over - 1 run, 1 hit, 1 error, 1 left on base; New York 0 - Houston 1 |
| TOP OF THE 2ND |
|
New York Yankees batting - Pitching for Houston Astros : LHP Brian Thomas
|
|
Batting: RHB Geni Prawiranega
|
0-0: SINGLE (Line Drive, 6D, EV 103.1 MPH)
|
|
Batting: RHB James Boynton
|
0-0: Called Strike 0-1: Ball 1-1: Ball 2-1: Ball 3-1: Fly out, F6 (Flyball, 6MD, EV 80.0 MPH)
|
|
Batting: LHB David Bramble
|
0-0: Ball Geni Prawiranega steals 2nd base (no throw) 1-0: Swinging Strike 1-1: Ball 2-1: Ground out 4-3 (Groundball, 4, EV 93.1 MPH) Geni Prawiranega to third
|
|
Batting: RHB Jarrod Joyce
|
0-0: Ball 1-0: Ball 2-0: Ball 3-0: Base on Balls
|
|
Batting: LHB Yao-pang Tien
|
0-0: Called Strike 0-1: Foul Ball, location: 2F 0-2: Ball 1-2: Strikes out swinging
|
| Top of the 2nd over - 0 runs, 1 hit, 0 errors, 2 left on base; New York 0 - Houston 1 |
| BOTTOM OF THE 2ND |
|
Houston Astros batting - Pitching for New York Yankees : LHP Arturo Eli
|
|
Batting: SHB Troy Kenyon
|
0-0: Called Strike 0-1: Called Strike 0-2: Strikes out looking
|
|
Batting: LHB Bryce Hill
|
0-0: Ball 1-0: SINGLE (Line Drive, 89S, EV 93.8 MPH)
|
|
Batting: LHB Angelo Vasquez
|
0-0: Ball 1-0: Grounds into double play, 6-4-3 (Groundball, 6, EV 101.9 MPH)
|
| Bottom of the 2nd over - 0 runs, 1 hit, 0 errors, 0 left on base; New York 0 - Houston 1 |
| TOP OF THE 3RD |
|
New York Yankees batting - Pitching for Houston Astros : LHP Brian Thomas
|
|
Batting: LHB Jordan de Jesus
|
0-0: Called Strike 0-1: SINGLE (Line Drive, 9S, EV 92.5 MPH)
|
|
Batting: RHB C.J. Richerson
|
0-0: Called Strike 0-1: SINGLE (Groundball, 6S, EV 71.2 MPH) (infield hit) Jordan de Jesus to second
|
|
Batting: SHB Bartholomeu Chambino
|
0-0: Called Strike 0-1: Fly out, F4 (Flyball, 34D, EV 86.9 MPH)
|
|
Batting: LHB Evan Torraville
|
0-0: Called Strike 0-1: Fly out, F6 (Popup, 6MS, EV 75.6 MPH)
|
|
Batting: RHB Geni Prawiranega
|
0-0: Ball 1-0: Fly out, F7 (Flyball, 7, EV 92.5 MPH)
|
| Top of the 3rd over - 0 runs, 2 hits, 0 errors, 2 left on base; New York 0 - Houston 1 |
| BOTTOM OF THE 3RD |
|
Houston Astros batting - Pitching for New York Yankees : LHP Arturo Eli
|
|
Batting: RHB Antonio Aranda
|
0-0: Called Strike 0-1: Ball 1-1: Ball 2-1: Ground out U3 (Groundball, 3S, EV 92.5 MPH)
|
|
Batting: RHB Chang-wei Jiang
|
0-0: Ball 1-0: SINGLE (Line Drive, 4D, EV 99.4 MPH)
|
|
Batting: RHB Josh Froyd
|
0-0: Ball 1-0: Fly out, F9 (Flyball, 9S, EV 80.6 MPH)
|
|
Batting: RHB Chris Lane
|
0-0: Ball 1-0: Swinging Strike 1-1: Ball 2-1: Swinging Strike 2-2: Ball 3-2: Ground out 6-3 (Groundball, 6, EV 85.6 MPH)
|
| Bottom of the 3rd over - 0 runs, 1 hit, 0 errors, 1 left on base; New York 0 - Houston 1 |
| TOP OF THE 4TH |
|
New York Yankees batting - Pitching for Houston Astros : LHP Brian Thomas
|
|
Batting: RHB James Boynton
|
0-0: Ball 1-0: Ball 2-0: Ball 3-0: Called Strike 3-1: Swinging Strike 3-2: Fly out, F7 (Flyball, 7LM, EV 90.6 MPH)
|
|
Batting: LHB David Bramble
|
0-0: Ground out U3 (Groundball, 3, EV 98.8 MPH)
|
|
Batting: RHB Jarrod Joyce
|
0-0: Foul Ball, location: 2F 0-1: Called Strike 0-2: Fly out, F4 (Popup, 4MD, EV 60.6 MPH)
|
| Top of the 4th over - 0 runs, 0 hits, 0 errors, 0 left on base; New York 0 - Houston 1 |
| BOTTOM OF THE 4TH |
|
Houston Astros batting - Pitching for New York Yankees : LHP Arturo Eli
|
|
Batting: LHB Shigeru Ono
|
0-0: Ball 1-0: Ball 2-0: Ball 3-0: Called Strike 3-1: Foul Ball, location: 2F 3-2: SINGLE (Groundball, 25, EV 67.5 MPH) (infield hit)
|
|
Batting: RHB Jeremy Trump
|
0-0: Ball 1-0: Ball 2-0: Fly out, F9 (Line Drive, 9, EV 98.8 MPH)
|
|
Batting: SHB Troy Kenyon
|
0-0: Ball 1-0: Ball 2-0: Called Strike 2-1: Grounds into double play, 6-4-3 (Groundball, 6M, EV 98.1 MPH)
|
| Bottom of the 4th over - 0 runs, 1 hit, 0 errors, 0 left on base; New York 0 - Houston 1 |
| TOP OF THE 5TH |
|
New York Yankees batting - Pitching for Houston Astros : LHP Brian Thomas
|
|
Batting: LHB Yao-pang Tien
|
0-0: Ground out 4-3 (Groundball, 4S, EV 86.2 MPH)
|
|
Batting: LHB Jordan de Jesus
|
0-0: Ball 1-0: Fly out, F8 (Flyball, 8RM, EV 95.6 MPH)
|
|
Batting: RHB C.J. Richerson
|
0-0: Ball 1-0: Foul Ball, location: 2F 1-1: Ball 2-1: Ball 3-1: Base on Balls
|
|
Batting: SHB Bartholomeu Chambino
|
0-0: Ball 1-0: Ball 2-0: Foul Ball, location: 2F 2-1: Swinging Strike 2-2: Strikes out looking
|
| Top of the 5th over - 0 runs, 0 hits, 0 errors, 1 left on base; New York 0 - Houston 1 |
| BOTTOM OF THE 5TH |
|
Houston Astros batting - Pitching for New York Yankees : LHP Arturo Eli
|
|
Batting: LHB Bryce Hill
|
0-0: Called Strike 0-1: Foul Ball, location: 2F 0-2: Foul Ball, location: 2F 0-2: Ball 1-2: Foul Ball, location: 2F 1-2: Strikes out looking
|
|
Batting: LHB Angelo Vasquez
|
0-0: Ball 1-0: Ball 2-0: Foul Ball, location: 2F 2-1: Swinging Strike 2-2: Strikes out swinging
|
|
Batting: RHB Antonio Aranda
|
0-0: Fly out, F7 (Line Drive, 7D, EV 96.2 MPH)
|
| Bottom of the 5th over - 0 runs, 0 hits, 0 errors, 0 left on base; New York 0 - Houston 1 |
| TOP OF THE 6TH |
|
New York Yankees batting - Pitching for Houston Astros : LHP Brian Thomas
|
|
Batting: LHB Evan Torraville
|
0-0: Called Strike 0-1: Called Strike 0-2: Ball 1-2: Foul Ball, location: 2F 1-2: Fly out, F4 (Line Drive, 34, EV 68.8 MPH)
|
|
Batting: RHB Geni Prawiranega
|
0-0: Ball 1-0: Ball 2-0: Swinging Strike 2-1: Ball 3-1: Foul Ball, location: 2F 3-2: Strikes out swinging
|
|
Batting: RHB James Boynton
|
0-0: Ball 1-0: Foul Ball, location: 2F 1-1: Foul Ball, location: 2F 1-2: Fly out, F5 (Popup, 56S, EV 78.1 MPH)
|
| Top of the 6th over - 0 runs, 0 hits, 0 errors, 0 left on base; New York 0 - Houston 1 |
| BOTTOM OF THE 6TH |
|
Houston Astros batting - Pitching for New York Yankees : LHP Arturo Eli
|
|
Batting: RHB Chang-wei Jiang
|
0-0: Called Strike 0-1: Called Strike 0-2: Ball 1-2: Strikes out swinging
|
|
Batting: RHB Josh Froyd
|
0-0: Ball 1-0: Ball 2-0: Called Strike 2-1: Foul Ball, location: 2F 2-2: SINGLE (Groundball, 6D, EV 95.0 MPH)
|
|
Batting: RHB Chris Lane
|
0-0: Called Strike 0-1: Foul Ball, location: 2F 0-2: Strikes out swinging
|
|
Batting: LHB Shigeru Ono
|
0-0: Fly out, F8 (Flyball, 8LM, EV 91.2 MPH)
|
| Bottom of the 6th over - 0 runs, 1 hit, 0 errors, 1 left on base; New York 0 - Houston 1 |
| TOP OF THE 7TH |
|
New York Yankees batting - Pitching for Houston Astros : LHP Brian Thomas
|
|
Batting: LHB David Bramble
|
0-0: Called Strike 0-1: Ground out 3-1 (Groundball, 34, EV 100.0 MPH)
|
|
Batting: RHB Jarrod Joyce
|
0-0: Swinging Strike 0-1: Foul Ball, location: 2F 0-2: Ground out U3 (Groundball, 3L, EV 76.2 MPH)
|
|
Batting: LHB Yao-pang Tien
|
0-0: Ground out 6-3 (Groundball, 6, EV 90.6 MPH)
|
| Top of the 7th over - 0 runs, 0 hits, 0 errors, 0 left on base; New York 0 - Houston 1 |
| BOTTOM OF THE 7TH |
|
Houston Astros batting - Pitching for New York Yankees : LHP Arturo Eli
|
|
Batting: RHB Jeremy Trump
|
0-0: Ball 1-0: Foul Ball, location: 2F 1-1: Called Strike 1-2: Ground out 3-1 (Groundball, 34, EV 85.0 MPH)
|
|
Batting: SHB Troy Kenyon
|
0-0: Called Strike 0-1: Ball 1-1: SINGLE (Groundball, 34D, EV 99.4 MPH)
|
|
Batting: LHB Bryce Hill
|
0-0: Ball 1-0: Grounds into double play, U3-6 (Groundball, 3L, EV 103.8 MPH)
|
| Bottom of the 7th over - 0 runs, 1 hit, 0 errors, 0 left on base; New York 0 - Houston 1 |
| TOP OF THE 8TH |
|
New York Yankees batting - Pitching for Houston Astros : LHP Brian Thomas
|
|
Batting: LHB Jordan de Jesus
|
0-0: Called Strike 0-1: Ball 1-1: Ground out 6-3 (Groundball, 6, EV 81.9 MPH)
|
|
Batting: RHB C.J. Richerson
|
0-0: Ball 1-0: Called Strike 1-1: Ball 2-1: Called Strike 2-2: Ball 3-2: Foul Ball, location: 2F 3-2: Ground out 4-3 (Groundball, 4D, EV 107.5 MPH)
|
|
Batting: SHB Bartholomeu Chambino
|
0-0: SINGLE (Groundball, 6MD, EV 99.4 MPH)
|
|
Batting: LHB Evan Torraville
|
0-0: Ball 1-0: Called Strike 1-1: Called Strike 1-2: Strikes out looking
|
| Top of the 8th over - 0 runs, 1 hit, 0 errors, 1 left on base; New York 0 - Houston 1 |
| BOTTOM OF THE 8TH |
|
Houston Astros batting - Pitching for New York Yankees : LHP Arturo Eli
|
|
Batting: LHB Angelo Vasquez
|
0-0: Foul Ball, location: 2F 0-1: Ball 1-1: Ball 2-1: Foul Ball, location: 2F 2-2: Foul Ball, location: 2F 2-2: Ball 3-2: Ground out 4-3 (Groundball, 34, EV 77.5 MPH)
|
|
Batting: RHB Antonio Aranda
|
0-0: Ball 1-0: Fly out, F8 (Flyball, 8RXD, EV 104.4 MPH)
|
|
Batting: RHB Chang-wei Jiang
|
0-0: Fly out, F8 (Flyball, 89M, EV 83.8 MPH)
|
| Bottom of the 8th over - 0 runs, 0 hits, 0 errors, 0 left on base; New York 0 - Houston 1 |
| TOP OF THE 9TH |
|
New York Yankees batting - Pitching for Houston Astros : LHP Brian Thomas
|
|
Pitching: RHP Kyle McPeak
|
|
|
Batting: RHB Geni Prawiranega
|
0-0: Ball 1-0: Ball 2-0: Ground out 5-3 (Groundball, 5, EV 100.0 MPH)
|
|
Pinch Hitting: LHB Jason Peck
|
0-0: Called Strike 0-1: Called Strike 0-2: Foul Ball, location: 2F 0-2: Ball 1-2: Ground out 6-3 (Groundball, 6MS, EV 83.1 MPH)
|
|
Batting: LHB David Bramble
|
0-0: Ground out 4-3 (Groundball, 4, EV 97.5 MPH)
|
| Top of the 9th over - 0 runs, 0 hits, 0 errors, 0 left on base; New York 0 - Houston 1 |
|